 Dungeon Crawl Stone Soup version 0.30-a0-52-g86a8295270 (webtiles) character file.

Game seed: 15503574101305000503

12798 QueenGhuleh the Severer (level 11, -2/151 HPs)
             Began as a Minotaur Berserker on Aug 31, 2022.
             Was a High Priest of Trog.
             Slain by Rupert
             ... wielding a +3 triple sword of electrocution
              (23 damage)
             ... on level 12 of the Dungeon on Sept 6, 2022.
             The game lasted 00:20:59 (11994 turns).

QueenGhuleh the Severer (Minotaur Berserker)       Turns: 11994, Time: 00:20:59

Health: -2/151     AC: 12    Str: 26    XL:     11   Next: 67%
Magic:  10/10      EV: 12    Int:  4    God:    Trog [*****.]
Gold:   296        SH:  0    Dex: 10    Spells: 10/10 levels left

rFire   . . .      SeeInvis .    H - +1 battleaxe (freeze)
rCold   . . .      Faith    .    (shield currently unavailable)
rNeg    . . .      Spirit   .    m - +0 scale mail
rPois   .          Reflect  .    (helmet restricted)
rElec   .          Harm     .    (no cloak)
rCorr   .          Rampage  .    (no gloves)
Will    .....                    (no boots)
Stlth   ..........               (no amulet)
HPRegen 0.35/turn                l - +4 ring of protection
MPRegen 0.12/turn                (no ring)

@: berserking (expiring), very quick
A: horns 2, retaliatory headbutt
a: Renounce Religion, Berserk, Trog's Hand, Brothers in Arms


You were on level 12 of the Dungeon.
You worshipped Trog.
Trog was extremely pleased with you.
You visited 1 branch of the dungeon, and saw 12 of its levels.

You collected 603 gold pieces.
You spent 307 gold pieces at shops.

Inventory:

Hand Weapons
 n - the +6 hand axe of Rytenog {vorpal, +Blink}
   (You found it on level 3 of the Dungeon)

   It inflicts extra damage upon your enemies.
   +Blink:    It lets you blink.
 E - a +2 broad axe of flaming
 H - a +1 battleaxe of freezing (weapon)
Armour
 m - a +0 scale mail (worn)
Jewellery
 l - a +4 ring of protection (left hand)
 t - a ring of protection from fire
 I - a ring of ice
 J - an amulet of guardian spirit
Wands
 h - a wand of flame (37)
 u - a wand of digging (3)
 w - a wand of paralysis (5)
Scrolls
 c - 22 scrolls of identify {unknown}
 j - 5 scrolls of teleportation {unknown}
 p - a scroll of fear {unknown}
 q - a scroll of magic mapping {unknown}
 r - 3 scrolls of fog {unknown}
 s - a scroll of enchant armour {unknown}
 v - 2 scrolls of blinking {unknown}
 y - 4 scrolls of noise {unknown}
 B - a scroll of torment {unknown}
 F - a scroll of amnesia {unknown}
Potions
 a - a potion of brilliance {unknown}
 b - 2 potions of ambrosia {unknown}
 d - 2 potions of cancellation
 e - 2 potions of haste
 f - a potion of degeneration {unknown}
 g - 3 potions of heal wounds {unknown}
 x - 2 potions of might {unknown}
 z - 2 potions of mutation {unknown}
 A - a potion of magic {unknown}
 C - a potion of attraction {unknown}


   Skills:
 + Level 10.4 Fighting
 + Level 15.8 Axes
 + Level 10.7 Armour
 + Level 6.6 Dodging
 + Level 2.3 Stealth
 + Level 0.4 Evocations


You had 10 spell levels left.
You didn't know any spells.
Your spell library was empty.

Dungeon Overview and Level Annotations

Branches:
Dungeon (12/15)            Temple (0/1) D:6            Lair (0/5) D:11
    Orc: D:9-12

Altars:
Fedhas
Gozag
Kikubaaqudgha
Makhleb
Nemelex Xobeh
Okawaru
Qazlal
Sif Muna
Uskayaw
Vehumet
Wu Jian
Yredelemnul

Shops:
D:9 (

Portals:
Bailey: D:8

Annotations:
D:7 3 runed translucent doors, pigah's ghost, novice OpAE
D:8 2 transporters
D:10 2 runed translucent doors
D:12 Rupert


Innate Abilities, Weirdness & Mutations

You have a pair of horns on your head.
You reflexively headbutt those who attack you in melee.


Message History

The vampire mosquito is moderately damaged.
You hit the komodo dragon but do no damage.
You slash Rupert! You freeze Rupert.
The komodo dragon is no longer moving slowly.
The vampire mosquito closely misses you.
You furiously retaliate!
You headbutt the vampire mosquito!
Rupert hits you with a +3 triple sword of electrocution!!
You barely miss the vampire mosquito.
Your headbutt misses the vampire mosquito.
The vampire mosquito is heavily damaged.
You barely miss the komodo dragon. You hit Rupert. You freeze Rupert.
The vampire mosquito bites you but does no damage.
The komodo dragon barely misses you.
Rupert hits you with a +3 triple sword of electrocution.
The vampire mosquito bites you but does no damage.
You slash the vampire mosquito! You freeze the vampire mosquito.
You destroy the vampire mosquito!
Trog accepts your kill.
You hit the komodo dragon.
The komodo dragon seems to slow down.
You freeze the komodo dragon. You hit Rupert. You slice the komodo dragon!!
You freeze the komodo dragon.
You kill the komodo dragon!
Trog accepts your kill.
You slash Rupert! You freeze Rupert.
Rupert hits you with a +3 triple sword of electrocution!!
You slash Rupert! You freeze Rupert.
Rupert is moderately wounded.
Rupert completely misses you. You furiously retaliate!
You headbutt Rupert!!
Unknown command.
You slash Rupert! You freeze Rupert. You headbutt Rupert.
Rupert is heavily wounded.
Rupert hits you with a +3 triple sword of electrocution!!!
* * * LOW HITPOINT WARNING * * *
You are too injured to fight recklessly!
You closely miss Rupert. Your headbutt misses Rupert.
Rupert is heavily wounded.
Rupert hits you with a +3 triple sword of electrocution!!
* * * LOW HITPOINT WARNING * * *
Rupert hits you with a +3 triple sword of electrocution!!
You die...

#. #. .
#. ..#
## #.
.. .#
#.
#.#.#.
#...#
+..@#
#.†@#
#....
#....#
#...#.
#.#..#.
#.##. #
#. .


You could see Rupert (berserk).

Vanquished Creatures
  Fannar (D:10)
  A two-headed ogre (D:10)
  Nergalle (D:11)
  Maurice (D:9)
  A manticore (D:11)
  6 centaur zombies (D:10)
  An unseen horror (D:11)
  2 kobold demonologists (D:10)
  2 unseen horror zombies (D:10)
  A komodo dragon (D:12)
  A troll (D:11)
  A shadow (D:10)
  10 yaks
  3 vampires
  3 vampire mosquitoes (D:12)
  2 steam dragons (D:6)
  3 water moccasins
  2 sky beasts
  2 ice beasts
  3 black bears
  3 ogres
  7 centaurs
  A phantom (D:6)
  8 kobold brigands
  A necrophage (D:7)
  4 bullfrogs
  2 gnoll sergeants
  3 scorpions (D:6)
  3 wights (D:9)
  3 killer bees (D:7)
  3 howler monkeys
  3 hounds
  A jelly (D:7)
  2 orc priests
  Natasha (thrice) (D:3)
  4 iguanas
  7 orc wizards
  2 howler monkey zombies (D:10)
  A mummy (D:6)
  11 adders
  9 gnolls
  A shadow imp (D:5)
  2 white imps
  6 worms
  2 dart slugs
  25 orcs
  7 endoplasms
  2 giant cockroaches
  11 goblins
  5 hobgoblins
  6 jackals
  4 quokkas
  2 ball pythons (D:2)
  5 bats
  2 frilled lizards (D:2)
  31 kobolds
  5 rats
244 creatures vanquished.

Vanquished Creatures (others)
  An orc wizard (D:11)
  13 plants
14 creatures vanquished.

Grand Total: 258 creatures vanquished

Notes
Turn   | Place    | Note
-------+----------+-------------------------------------------
     0 | D:1      | QueenGhuleh the Minotaur Berserker began the quest for the
                  | Orb.
     0 | D:1      | Reached XP level 1. HP: 19/19 MP: 0/0
    54 | D:1      | Upgraded the game from 0.30-a0-43-gbbf338a72c to
                  | 0.30-a0-46-g5a63ccc183
   135 | D:1      | Reached XP level 2. HP: 12/27 MP: 1/1
   365 | D:1      | Reached skill level 4 in Axes
  1218 | D:2      | Reached XP level 3. HP: 13/33 MP: 2/2
  1646 | D:2      | Reached ** piety under Trog
  2127 | D:2      | Found a faded altar of an unknown god.
  2597 | D:3      | Found a burning altar of Makhleb.
  2609 | D:3      | Noticed Natasha
  2617 | D:3      | Killed Natasha
  2618 | D:3      | Reached XP level 4. HP: 36/41 MP: 3/3
  2635 | D:3      | Noticed Natasha
  2640 | D:3      | Killed Natasha
  2641 | D:3      | Reached skill level 5 in Axes
  2650 | D:3      | Noticed Natasha
  2659 | D:3      | Killed Natasha
  2660 | D:3      | Reached XP level 5. HP: 31/47 MP: 4/4
  3018 | D:3      | Reached skill level 1 in Stealth
  3062 | D:3      | Found a faded altar of an unknown god.
  3154 | D:3      | Identified the +6 hand axe of Rytenog {vorpal, +Blink}
  3213 | D:3      | Found a sparkling altar of Nemelex Xobeh.
  3590 | D:4      | Found a hide-covered altar of Uskayaw.
  3688 | D:4      | Noticed an ogre
  3692 | D:4      | Killed an ogre
  3693 | D:4      | Reached skill level 6 in Axes
  3693 | D:4      | Reached XP level 6. HP: 32/55 MP: 5/5
  4067 | D:4      | Reached skill level 5 in Fighting
  4464 | D:5      | Entered Level 5 of the Dungeon
  4558 | D:5      | Found a radiant altar of Vehumet.
  4558 | D:5      | Found a blossoming altar of Fedhas.
  4574 | D:5      | Found a glowing drain.
  4743 | D:5      | Reached skill level 7 in Axes
  4743 | D:5      | Reached XP level 7. HP: 58/61 MP: 6/6
  4806 | D:5      | Reached skill level 5 in Armour
  4930 | D:5      | Reached *** piety under Trog
  5306 | D:6      | Reached skill level 8 in Axes
  5347 | D:6      | Reached XP level 8. HP: 69/69 MP: 7/7
  5487 | D:6      | Found a staircase to the Ecumenical Temple.
  5491 | D:6      | Reached skill level 9 in Axes
  5663 | D:6      | Found a stormy altar of Qazlal.
  5692 | D:6      | Reached skill level 10 in Axes
  5932 | D:6      | Found a shimmering blue altar of Sif Muna.
  5953 | D:6      | Found an ornate altar of the Wu Jian Council.
  5987 | D:6      | Identified the +3 leather armour of Haunevoa {rC+ rCorr
                  | Dex-5 Slay+2}
  6392 | D:7      | Found a runed translucent gate.
  6392 | D:7      | Found a runed translucent gate.
  6392 | D:7      | Found a runed translucent gate.
  6415 | D:7      | Noticed pigah's ghost (novice OpAE)
  6492 | D:7      | Reached skill level 5 in Dodging
  6492 | D:7      | Reached XP level 9. HP: 78/78 MP: 8/8
  6894 | D:7      | Reached skill level 11 in Axes
  7245 | D:8      | Found a flagged portal.
  7252 | D:8      | Reached **** piety under Trog
  7450 | D:8      | Found an iron altar of Okawaru.
  7461 | D:8      | Found an ancient bone altar of Kikubaaqudgha.
  7525 | D:8      | Found a transporter.
  7528 | D:8      | Noticed a wizard
  7561 | D:8      | Identified the +1 scale mail of Kuobuskia {+Inv rF+ Regen+
                  | Int-5}
  7588 | D:8      | Noticed a tengu warrior
  7635 | D:8      | Found a transporter.
  7693 | D:8      | Found an opulent altar of Gozag.
  7869 | D:8      | Noticed a two-headed ogre
  7943 | D:9      | Reached skill level 12 in Axes
  8253 | D:9      | Noticed Maurice
  8282 | D:9      | Killed Maurice
  8283 | D:9      | Reached XP level 10. HP: 22/88 MP: 9/9
  8717 | D:9      | Found Diykatoecac's Hydra Hut.
  8718 | D:9      | Noticed a four-headed hydra
  8722 | D:9      | Bought a +2 broad axe of flaming for 307 gold pieces
  9362 | D:10     | Entered Level 10 of the Dungeon
  9467 | D:10     | Noticed a sixfirhy
  9495 | D:10     | Reached skill level 13 in Axes
  9753 | D:10     | Reached skill level 14 in Axes
  9768 | D:10     | Found a basalt altar of Yredelemnul.
  9782 | D:10     | Reached skill level 10 in Armour
  9782 | D:10     | Reached XP level 11. HP: 91/97 MP: 10/10
 10358 | D:10     | Found a large runed translucent door.
 10360 | D:10     | Found a large runed translucent door.
 10367 | D:10     | Noticed Fannar
 10380 | D:10     | Killed Fannar
 10486 | D:10     | Noticed a two-headed ogre
 10492 | D:10     | Killed a two-headed ogre
 11025 | D:11     | Found a staircase to the Lair.
 11040 | D:11     | Reached ***** piety under Trog
 11044 | D:11     | Reached skill level 15 in Axes
 11161 | D:11     | Reached skill level 10 in Fighting
 11515 | D:11     | Noticed Nergalle
 11519 | D:11     | Killed Nergalle
 11557 | D:11     | Upgraded the game from 0.30-a0-46-g5a63ccc183 to
                  | 0.30-a0-52-g86a8295270
 11981 | D:12     | Noticed Rupert
 11994 | D:12     | Slain by Rupert

Illustrated notes

Levels and vault maps discovered:
D:1:      scummos_arrival_simple_fountains, layout_basic,
          ebering_dispersal_statue_hall, chequers_jeans
D:2:      cheibrodos_helix_gallery, layout_loops_ring,
          hellmonk_ecumenical_altar_blasted, chequers_big_river,
          serial_bayou_crossing
D:3:      layout_basic, nicolae_overflow_ecumenical_swirl, bloody_makhleb,
          uniq_natasha
D:4:      layout_loops_corners, nicolae_uskayaw_suspiria, grunt_ministairs_10
D:5:      minmay_spotlight, layout_loops_ring, nicolae_overflow_two_pavilions,
          gup_sewer_entry_glass
D:6:      layout_basic, mainiacjoe_overflow_24_doors,
          mainiacjoe_overflow_surrounded_room, grunt_qazlal_clouds,
          temple_statues, gup_ossuary_entry_pyramid
D:7:      layout_loops_cross, gammafunk_ghost_necromancy
D:8:      gammafunk_the_bubble [the_bubble_gammafunk_plus_minus],
          layout_cave_pools, mainiacjoe_overflow_alcove_4,
          amethyst_overflow_temple_binary, enter_bailey_3,
          minmay_large_rounded_square
D:9:      layout_gridville, doesnt_shop_hydraphobe, uniq_maurice
D:10:     layout_irregular_city, jmf_multi_god_temple2,
          nicolae_yredelemnul_corpse_copse, lemuel_flamethrower_hall,
          uniq_fannar
D:11:     layout_long_grid, dpeg_oklobed_lair, corner_web_ring, uniq_nergalle
D:12:     layout_basic, zombieorc2_lemuel, grunt_decor_mini_mirrors,
          skrybe_limestone_x, ashenzari_altar_1, uniq_frances, uniq_rupert

Skill      XL: |  1  2  3  4  5  6  7  8  9 10 11 |
---------------+----------------------------------+-----
Fighting       | 4 5 6 8 9 10 | 10.4
Axes           | 4 5 6 7 8 10 12 14 15 | 15.8
Armour         | 3 4 5 6 8 10 | 10.7
Dodging        | 3 4 5 6 |  6.6
Stealth        | 1 2 |  2.3
Evocations     | |  0.4

Action                   |  1- 3 |  4- 6 |  7- 9 | 10-12 || total
-------------------------+-------+-------+-------+-------++-------
Melee: Hand axe          |    84 |    89 |       |       ||   173
       Headbutt          |    14 |    12 |    39 |    31 ||    96
       Punch             |     1 |       |     1 |     1 ||     3
       War axe           |       |    15 |   224 |    15 ||   254
       Broad axe         |       |       |       |    85 ||    85
       Battleaxe         |       |       |       |    80 ||    80
Invok: Berserk           |     2 |     3 |     6 |     8 ||    19
Evoke: Wand              |       |       |     2 |     3 ||     5
  Use: Potion            |       |       |       |    10 ||    10
 Stab: Sleeping          |     1 |       |       |       ||     1
Armor: Animal skin       |    11 |       |       |       ||    11
       Ring mail         |     8 |    13 |       |       ||    21
       Scale mail        |       |    21 |   112 |   102 ||   235
       Skin              |       |     1 |       |       ||     1
Dodge: Dodged            |    55 |    44 |   158 |   115 ||   372

Table legend: (Time is in decaauts)
 A = Elapsed time spent in this place.
 B = Non-inter-level travel time spent in this place.
 C = Inter-level travel time spent in this place.
 D = Time resting spent in this place.
 E = Time spent auto-exploring this place.
 F = Levels seen in this place.
 G = Mean time per level.
                   A        B        C        D        E       F      G
               +--------+--------+--------+--------+--------+-----+--------+
         Total |  12161 |  11911 |    250 |      0 |  10508 |  12 | 1013.4 |
       Dungeon |  12161 |  11911 |    250 |      0 |  10508 |  12 | 1013.4 |
               +--------+--------+--------+--------+--------+-----+--------+

Top non-repeatable levels by time:
    D:10: 1675 daAuts
     D:9: 1503 daAuts
     D:2: 1315 daAuts
     D:1: 1197 daAuts
     D:4: 1121 daAuts
     D:6: 1018 daAuts
    D:11: 979 daAuts
     D:7: 942 daAuts
     D:3: 894 daAuts
     D:5: 841 daAuts
     D:8: 661 daAuts
    D:12: 9 daAuts
